 Dungeon Crawl Stone Soup version 0.31.0-11-ge490571c62 (webtiles) character file.

Game seed: 13987692728876129632

224 Gadfly the Insei (level 5, 38/41 HPs)
             Began as a Demonspawn Monk on Feb 5, 2024.
             Quit the game on level 3 of the Dungeon.
             The game lasted 00:02:05 (1736 turns).

Gadfly the Insei (Demonspawn Monk)                  Turns: 1736, Time: 00:02:05

Health: 38/41      AC:  4    Str: 14    XL:     5   Next: 67%
Magic:  5/5        EV: 13    Int: 10    God:
Gold:   82         SH:  0    Dex: 15    Spells: 4/4 levels left

rFire   . .          .
                       - Unarmed
rCold   . . .        c - orb {light}
rNeg    . . .        a - +0 robe
rPois   .            k - +2 hat
rElec   .            (no cloak)
rCorr   .            (no gloves)
SInv    .            (no boots)
Will    .....        (no amulet)
Stlth   +            (no ring)
HPRegen 0.26/turn    (no ring)
MPRegen 0.18/turn

%: no passive effects
@: glowing
A: ignite blood 2, magic regeneration
a: no special abilities


You were on level 3 of the Dungeon.
You visited 1 branch of the dungeon, and saw 3 of its levels.

You collected 82 gold pieces.

Inventory:

Hand Weapons
 b - a +0 war axe of flaming
 g - a +2 vampiric whip
Missiles
 j - 2 atropa-tipped darts (quivered)
Armour
 a - a +0 robe (worn)
 c - an orb of light (worn)
 k - a +2 hat (worn)
Jewellery
 n - a ring of fire
Scrolls
 d - a scroll of teleportation
 e - 2 scrolls of identify
 f - a scroll of poison
 i - a scroll of amnesia {unknown}
 l - a scroll of revelation
Potions
 h - a potion of ambrosia


   Skills:
 - Level 3.0 Fighting
 + Level 3.3 Dodging
 * Level 3.9 Unarmed Combat
 * Level 2.7 Evocations
 * Level 2.1 Shapeshifting


You had 4 spell levels left.
You didn't know any spells.
Your spell library was empty.

Dungeon Overview and Level Annotations

Branches:
Dungeon (3/15)

Altars:


Innate Abilities, Weirdness & Mutations

Your demonic aura often causes spilled blood to erupt in flames.
You regenerate magic rapidly.


Message History

Sigmund misses you.
You hit Sigmund.
Sigmund is moderately wounded.
You hit Sigmund.
Sigmund is heavily wounded.
Sigmund closely misses you.
You hit Sigmund but do no damage.
Sigmund is heavily wounded.
Sigmund hits you with a +0 scythe.
You hit Sigmund.
Sigmund is heavily wounded.
You hit Sigmund but do no damage.
Sigmund is heavily wounded.
Sigmund closely misses you.
You hit Sigmund but do no damage.
Sigmund is heavily wounded.
Sigmund misses you.
You hit Sigmund but do no damage.
Sigmund is heavily wounded.
You hit Sigmund but do no damage.
Sigmund is heavily wounded.
Sigmund barely misses you.
You hit Sigmund but do no damage.
Sigmund is heavily wounded.
Sigmund hits you but does no damage.
You hit Sigmund.
Sigmund is severely wounded.
You hit Sigmund but do no damage.
Sigmund is severely wounded.
Sigmund is engulfed in blazing flames.
You kill Sigmund!
Your Evocations skill increases to level 2!
Your Shapeshifting skill increases to level 2!
You have reached level 4!
You feel stronger.
Your demonic ancestry asserts itself...
Your magic begins to regenerate rapidly.
You have reached level 5!
Your demonic ancestry asserts itself...
Your blood runs red-hot!
Are you sure you want to abandon this character and quit the game? (Confirm with "yes".)

.###..........# ###.# .#
#..........# ...... .#
#..........# .....# .#
#..........####.....#
.###).........##........
..##########............
..# #..##.####..# ..#
#>......# ..#####
##.##@#.....# ......#
#.##°###...#
..###.#######.##.# ..#
..#...........##.# .#
..+....####....... .
..#.#..##### ##..
...........# #..
.##.#..###.# ##..#
.......###.##.##..


There were no monsters in sight!

Vanquished Creatures
  Sigmund (D:3)
  3 adders
  A dart slug (D:2)
  A ball python (D:1)
  2 endoplasms (D:3)
  2 giant cockroaches (D:1)
  6 hobgoblins
  A quokka (D:1)
  2 bats (D:1)
  A frilled lizard (D:2)
  5 goblins
  5 kobolds
  5 rats
35 creatures vanquished.

Notes
Turn   | Place    | Note
-------+----------+-------------------------------------------
     0 | D:1      | Gadfly the Demonspawn Monk began the quest for the Orb.
     0 | D:1      | Reached XP level 1. HP: 18/18 MP: 1/1
   117 | D:1      | Gained mutation: Your demonic aura sometimes causes spilled
                  | blood to erupt in flames. [demonic ancestry]
   117 | D:1      | Reached XP level 2. HP: 19/24 MP: 2/2
   298 | D:1      | Reached skill level 1 in Evocations
  1126 | D:2      | Reached skill level 1 in Shapeshifting
  1126 | D:2      | Reached XP level 3. HP: 29/29 MP: 3/3
  1720 | D:3      | Noticed Sigmund
  1735 | D:3      | Killed Sigmund
  1736 | D:3      | Gained mutation: You regenerate magic rapidly. [demonic
                  | ancestry]
  1736 | D:3      | Reached XP level 4. HP: 32/35 MP: 4/4
  1736 | D:3      | Gained mutation: Your demonic aura often causes spilled
                  | blood to erupt in flames. [demonic ancestry]
  1736 | D:3      | Reached XP level 5. HP: 38/41 MP: 5/5
  1736 | D:3      | Quit the game

Illustrated notes

Levels and vault maps discovered:
D:1:      dpeg_arrival_tiny_g, layout_loops_ring, chequers_serial_rivers_room_a,
          solitary_fountain
D:2:      layout_basic, minmay_misc_feat_square
D:3:      layout_basic, chei_slow_surprise, minmay_crystal_water, uniq_sigmund

Skill      XL: |  1  2  3 |
---------------+----------+-----
Evocations     | 1 2 |  2.7
Unarmed Combat | 3 |  3.9
Shapeshifting  | 1 2 |  2.1
Dodging        | 3 |  3.3
Fighting       | |  3.0

Action                     |  1- 3 |  4- 6 || total
---------------------------+-------+-------++-------
  Melee: Unarmed           |    76 |       ||    76
         War axe           |    35 |       ||    35
    Use: Scroll            |     5 |       ||     5
 Armour: Robe              |    42 |       ||    42
  Dodge: Dodged            |    76 |       ||    76
